Zazza, neutral female gnomish Wizard --------- |.>.....| ----- ------- |.......| --------------- |...-#########-.....| |.......| |.............| |...|# |.....| |.......| ##..............| |...|# ---|--- ----.---- # |.............+ ###-.._|# ## # ### |.............| ##|...|# # ## # |.............| ####-----### ### # ### ------.--------############# # # # # ################### # ### ## # # # # # ### # -|------- ## # ### ### ### # ###|.......| # # # # # ### #........| --+-|- ------# ### --.-------- ### # |[......| |.^..| |.....# # |[.@x..>..| # ###|......<| |.....######|....|### |..D......-## #|.......| |....| #.....-# |.........| --------- ------ ------ ----------- Zazza the Evoker Experience level: 1 Strength: 10 Dexterity: 10 Constitution: 15 Intelligence: 19 Wisdom: 11 Charisma: 10 Health: 0(11) Energy: 8(8) Def: 5 Gold: 147 Moves: 1107 Dungeon seed: JClj1wuAIsJoFzpT Game ID: Zazza_1620575482 Your Inventory: Coins $ - 147 gold pieces Weapons a - a blessed +1 quarterstaff t - a blessed +0 orcish dagger w - a +0 dagger G - a +0 orcish dagger Armor e - an uncursed +0 cloak of magic resistance (being worn) n - an uncursed +0 orcish helm q - an uncursed +0 pair of low boots (being worn) y - an uncursed +0 orcish helm (being worn) N - an uncursed +0 leather armor (being worn) Y - an uncursed +1 pair of speed boots Scrolls i - 2 uncursed scrolls of identify j - a blessed scroll of teleportation v - an uncursed scroll of confuse monster Spellbooks k - a blessed spellbook of force bolt l - an uncursed spellbook of wizard lock A - an uncursed spellbook of create monster Potions f - an uncursed potion of monster detection g - an uncursed potion of fruit juice h - an uncursed potion of oil p - a blessed potion of enlightenment r - an uncursed potion of booze D - an uncursed potion of healing Rings c - an uncursed ring of regeneration d - an uncursed +1 ring of gain strength s - an uncursed ring of polymorph control (on left hand) Wands b - a wand of polymorph (0:3) Tools u - a magic flute (0:3) F - a bag of tricks (0:13) Gems z - an uncursed amethyst stone Spells and supernatural/magical abilities: Name Level Category Fail Memory a - force bolt 1 attack 0% 95% w - wizard lock 2 matter 69% 95% O - create monster 2 clerical 69% 98% W - pray for help -- divine ? -- Your skills at the end: Fighting Skills Weapon Skills quarterstaff [Basic] Spellcasting Skills attack spells [Basic] enchantment spells [Basic] Final Attributes: You were nominally aligned. You were magic-protected. You had infravision. You had polymorph control. You are dead. Vanquished creatures: a dwarf a coyote a giant rat a brown mold a jackal 3 foxes a kobold 2 goblins a sewer rat 2 grid bugs 3 lichens a kobold zombie 4 newts 22 creatures vanquished. Voluntary challenges: You never hit with a wielded weapon. You were a pacifist. You read items or engraved 3 times, starting on turn 572. You never genocided any monsters. You never polymorphed an object. You never changed form. You used no wishes. You never split a pudding. You never wrote Elbereth's name. You never violated your personal moral code. Dungeon overview: The Dungeons of Doom: levels 1 to 2 Level 1 some fountains a long staircase Level 2 <- You were here some altars to Ptah and Thoth stairs to The Gnomish Mines The Gnomish Mines: Level 3 stairs to The Dungeons of Doom History has recorded: On T:1 you entered the Dungeons of Doom to retrieve the Amulet of Yendor! On T:373 you reached level 2 of The Dungeons of Doom. On T:967 you reached level 1 of The Gnomish Mines. Score breakdown: Gold: 147 ( 7382 points) Experience: 1 level ( 0 points) Exploration: 3 levels ( 6.12%) ( 6123 points) Discoveries: 5 items ( 1.73%) ( 3946 points) Valuables value: (no points given unless you survive) Artifact value: 0 ( 0 points) Variety of kills: 13 monsters ( 3.41%) ( 5541 points) Turncount: 1107 turns ( 0 points) Survival: died (score multiplied by 80%) Total score: 18393 Latest messages: The goblin wields a crude dagger! The goblin thrusts her crude dagger. The goblin hits! Armand bites the goblin. The goblin is killed! You see here a crude dagger. G - a crude dagger. A crude dagger lands on the altar. G - an uncursed crude dagger. You start playing the flute. You produce soft music. Please move the cursor to an unknown object. A tame baby orange dragon called Armand on the floor of a room. You displace Armand. The grid bug bites! You get zapped! You die... Final status: Goodbye Zazza the Wizard, killed by a grid bug... You died in The Dungeons of Doom on dungeon level 2 with 18393 points, and 147 pieces of gold, after 1107 moves. You were level 1 with a maximum of 11 hit points when you died.